 Dungeon Crawl Stone Soup version 0.19-a0-1937-g70ed36a (webtiles) character file.

3271 varam the Destroyer (level 9, -11/50 HPs)
             Began as a Deep Elf Conjurer on Oct 26, 2016.
             Was a Follower of Vehumet.
             Mangled by an orc warlord
             ... wielding a +0 war axe
              (29 damage)
             ... in a bailey.
             The game lasted 00:34:46 (9561 turns).

varam the Destroyer (Deep Elf Conjurer)             Turns: 9561, Time: 00:34:47

Health: -11/50     AC:  5    Str:  7      XL:     9   Next: 68%
Magic:  29/29      EV: 14    Int: 22      God:    Vehumet [*.....]
Gold:   452        SH:  0    Dex: 12 (13) Spells: 4 memorised, 11 levels left

rFire  . . .     SeeInvis .     U - -2 hand axe (curse)
rCold  . . .     Gourm    .     a - +0 robe
rNeg   + . .     Faith    .     (no shield)
rPois  .         Spirit   .     h - +1 helmet
rElec  .         Reflect  .     (no cloak)
rCorr  .         Harm     .     (no gloves)
MR     .....                    Q - +0 pair of boots
Stlth  +.........               (no amulet)
                                I - ring of magical power
                                s - ring of positive energy

@: about to teleport
A: clumsy 1, deterioration 1, mutation resistance 1, screaming 1
a: Renounce Religion


You were in a bailey.
You worshipped Vehumet.
Vehumet was aware of your devotion.
You were not hungry.

You visited 2 branches of the dungeon, and saw 9 of its levels.
You also visited: Bailey.

You collected 452 gold pieces.

Inventory:

Hand Weapons
 k - a +0 whip of draining
 t - a +0 short sword
 U - a cursed -2 hand axe (weapon)
 V - a +0 hand axe of chopping
 W - a +2 mace of venom
Missiles
 n - 43 tomahawks of returning (quivered)
 F - 2 silver tomahawks
Armour
 a - a +0 robe (worn)
 h - a +1 helmet (worn)
 Q - a +0 pair of boots (worn)
Jewellery
 s - a ring of positive energy (left hand)
 u - an uncursed ring of flight {unknown}
 I - a ring of magical power (right hand)
 K - an uncursed ring of resist corrosion
Wands
 H - a wand of flame (26/48)
 N - a wand of flame (16/48)
 T - a wand of flame (17/48)
Scrolls
 e - a scroll of fear
 j - a scroll of amnesia {unknown}
 l - 2 scrolls of enchant armour
 m - 4 scrolls of teleportation
 x - a scroll of magic mapping
 y - a scroll of recharging {unknown}
 A - 2 scrolls of remove curse {unknown}
 B - 2 scrolls of noise {unknown}
 C - 2 scrolls of fog {unknown}
 D - 3 scrolls of identify {@r1}
 J - 3 scrolls of blinking {unknown}
 L - a scroll of enchant weapon {unknown}
 R - a scroll of acquirement {unknown}
Potions
 g - 2 potions of degeneration {unknown}
 i - 2 potions of ambrosia
 o - 3 potions of invisibility {unknown}
 p - a potion of mutation {unknown}
 q - 2 potions of agility {unknown}
 z - 3 potions of curing {unknown}
 E - 3 potions of heal wounds {unknown}
 G - a potion of brilliance {unknown}
 M - 3 potions of haste {unknown}
 S - a potion of magic {unknown}
Books
 b - a book of Conjurations

   Spells                             Type                      Level
   a - Magic Dart                     Conjuration                  1
   b - Searing Ray                    Conjuration                  2
   c - Dazzling Spray                 Conjuration/Hexes            3
   d - Fulminant Prism                Conjuration/Hexes            4
   e - Iskenderun's Mystic Blast      Conjuration                  4
   f - Iskenderun's Battlesphere      Conjuration/Charms           5
 f - a book of Clouds

   Spells                             Type                      Level
   a - Mephitic Cloud                 Conjuration/Poison/Air       3
   b - Conjure Flame                  Conjuration/Fire             3
   c - Poisonous Cloud                Conjuration/Poison/Air       6
   d - Freezing Cloud                 Conjuration/Ice/Air          6
   e - Ring of Flames                 Charms/Fire                  7
 r - a book of Maledictions

   Spells                             Type                      Level
   a - Corona                         Hexes                        1
   b - Ensorcelled Hibernation        Hexes/Ice                    2
   c - Confuse                        Hexes                        3
   d - Tukima's Dance                 Hexes                        3
   e - Dazzling Spray                 Conjuration/Hexes            3
Comestibles
 c - 9 bread rations
 d - 2 beef jerkies
 P - a meat ration


   Skills:
 + Level 3.1 Fighting
 + Level 5.5 Dodging
 - Level 2.4 Stealth
 + Level 6.2 Spellcasting
 * Level 10.8 Conjurations
 + Level 9.8 Charms
 * Level 1.9 Fire Magic


You had 11 spell levels left.
You knew the following spells:

 Your Spells              Type           Power        Failure   Level  Hunger
a - Magic Dart            Conj           ####         1%          1    None
b - Searing Ray           Conj           ######       1%          2    None
c - Iskenderun's Battles  Conj/Chrm      ######..     4%          5    #####..
d - Flame Tongue          Conj/Fire      #####        1%          1    None


Dungeon Overview and Level Annotations

Branches:
Dungeon (8/15)             Temple (1/1) D:5
   Lair: D:8-11

Altars:
Cheibriados
Dithmenos
Gozag
Hepliaklqana
Kikubaaqudgha
Nemelex Xobeh
Okawaru
Ru
Vehumet
Xom
Yredelemnul
Zin
The Shining One

Annotations:
D:2 1 runed door
D:4 Duvessa


Innate Abilities, Weirdness & Mutations

You are clumsy. (Dex -2)
Your body sometimes deteriorates upon taking damage.
You are somewhat resistant to further mutation.
You occasionally shout uncontrollably at your foes.


Message History

Your surroundings suddenly seem different.
There is an open gate here.
You enter the shallow water.
Moving in this stuff is going to be slow.
You see here a book of Clouds.
f - a book of Clouds The goblin closely misses you.
You see here a yellow potion.
You see here a small emerald ring.
u - a small emerald ring
As you read the scroll of teleportation, it crumbles to dust.
You feel strangely unstable.
You enter the shallow water.
Moving in this stuff is going to be slow.
The orc warlord hits you with a war axe.
The orc warlord hits you with a war axe!!
Ouch! That really hurt!
The orc warlord hits you with a war axe!!
Ouch! That really hurt!
You die...

##.....##.....##.....##
##...8...##'''##...8...#
##...)........)..........
#........................
#..8..8..........)..8..8.
#....)..÷................
##......####...####......
♣##....##≈≈#####≈≈##....#
♣.##...#@g!8...8!.≈#...##
♣♣..###'#≈o........≈#'###.
♣...≈≈≈.#≈..8...8..≈#.≈≈≈.
♣♣...≈≈≈.##.........##)≈≈≈.
♣∩...≈≈≈.#≈....∩....≈#.≈≈≈.
♣♣...≈≈≈.#≈.........≈#.≈≈≈.
♣...≈≈≈)#≈≈.8...8.≈≈#.≈≈≈.
♣♣..###'###.......###)###.
♣.##..).#≈.8...8.≈#....##


You could see an orc warlord and a goblin.

Vanquished Creatures
  Grinder (D:4)
  The ghost of p0werm0de the Insei, an amateur DsAs (D:5)
  A hippogriff (D:7)
  3 sky beasts
  3 orc warriors (Bailey)
  3 ogres
  A phantom (D:4)
  A centaur (D:7)
  3 bullfrogs
  A water moccasin skeleton (D:5)
  Dowan (D:4)
  3 wights (D:6)
  2 howler monkeys
  2 bullfrog zombies (D:5)
  2 crimson imps
  A hound (D:7)
  2 human zombies (D:2)
  A centaur skeleton (D:4)
  A gnoll shaman (D:3)
  5 orc wizards
  An orc priest (D:5)
  A bullfrog skeleton (D:5)
  Ijyb (D:2)
  Natasha (thrice) (D:4)
  3 iguanas
  7 worker ants
  11 gnolls
  13 adders
  A white imp (D:6)
  2 worms (D:2)
  4 dart slugs
  3 leopard geckos
  36 orcs
  A ball python (D:6)
  4 bats
  3 giant cockroaches
  9 goblins
  12 hobgoblins
  7 jackals
  4 quokkas
  7 frilled lizards
  A goblin skeleton (D:2)
  23 kobolds
  6 rats
201 creatures vanquished.

Notes
Turn   | Place    | Note
-------+----------+-------------------------------------------
     0 | D:1      | varam the Deep Elf Conjurer began the quest for the Orb.
     0 | D:1      | Reached XP level 1. HP: 10/10 MP: 6/6
   152 | D:1      | Reached XP level 2. HP: 14/15 MP: 4/8
   157 | D:1      | Reached skill level 5 in Conjurations
   161 | D:1      | Learned a level 2 spell: Searing Ray
   392 | D:1      | Reached XP level 3. HP: 19/19 MP: 4/9
   655 | D:2      | Noticed Ijyb
   790 | D:2      | Killed Ijyb
   790 | D:2      | Reached skill level 6 in Conjurations
   966 | D:2      | Noticed a human
   967 | D:2      | Found a runed door.
  1234 | D:2      | Reached XP level 4. HP: 24/24 MP: 5/10
  1627 | D:3      | Reached skill level 7 in Conjurations
  1627 | D:3      | Reached XP level 5. HP: 28/28 MP: 2/11
  1762 | D:2      | Learned a level 5 spell: Iskenderun's Battlesphere
  1793 | D:2      | Reached skill level 1 in Charms
  2042 | D:2      | Found a basalt altar of Yredelemnul.
  2540 | D:3      | Reached XP level 6. HP: 25/32 MP: 4/12
  3060 | D:5      | Entered Level 5 of the Dungeon
  3178 | D:5      | Reached skill level 8 in Conjurations
  3778 | D:5      | Reached skill level 5 in Charms
  3862 | D:6      | Reached XP level 7. HP: 36/36 MP: 5/13
  4445 | D:4      | Noticed Natasha
  4453 | D:4      | Killed Natasha
  4666 | D:4      | Noticed Natasha
  4680 | D:4      | Killed Natasha
  4987 | D:4      | Noticed Natasha
  4996 | D:4      | Killed Natasha
  4996 | D:4      | Reached skill level 9 in Conjurations
  5167 | D:4      | Noticed Grinder
  5275 | D:4      | Reached XP level 8. HP: 34/41 MP: 5/14
  5405 | D:4      | Paralysed by Grinder for 4 turns
  5410 | D:4      | Killed Grinder
  5410 | D:4      | Reached skill level 1 in Fighting
  5624 | D:4      | Noticed Duvessa
  5624 | D:4      | Noticed Dowan
  5673 | D:4      | Killed Dowan
  6120 | D:5      | Noticed p0werm0de's ghost (amateur DsAs)
  6602 | D:5      | Killed p0werm0de's ghost
  6602 | D:5      | Reached skill level 5 in Spellcasting
  6835 | D:5      | Found a staircase to the Ecumenical Temple.
  6931 | Temple   | Entered the Ecumenical Temple
  6952 | Temple   | Became a worshipper of Vehumet
  7021 | D:6      | Reached skill level 10 in Conjurations
  7021 | D:6      | Reached XP level 9. HP: 48/48 MP: 15/18
  7027 | D:6      | Gained mutation: You occasionally shout uncontrollably at your foes. [mutagenic meat]
  7028 | D:6      | Gained mutation: Your spells are a little harder to cast, but a little more powerful. [mutagenic meat]
  7029 | D:6      | Gained mutation: You are clumsy. (Dex -2) [mutagenic meat]
  7030 | D:6      | Lost mutation: Your spells are a little harder to cast, but a little more powerful. [mutagenic meat]
  7949 | D:7      | Reached skill level 5 in Dodging
  8000 | D:7      | Gained mutation: You are somewhat resistant to further mutation. [mutagenic meat]
  8001 | D:7      | Gained mutation: Your body sometimes deteriorates upon taking damage. [mutagenic meat]
  8485 | D:7      | Reached * piety under Vehumet
  8485 | D:7      | Offered knowledge of Flame Tongue by Vehumet.
  8488 | D:7      | Learned a level 1 spell: Flame Tongue
  8601 | D:8      | Found a flagged portal.
  8620 | Bailey   | Entered a bailey
  8628 | Bailey   | Noticed an orc warlord
  8656 | Bailey   | Reached skill level 1 in Fire Magic
  9214 | Bailey   | Found a runed gate.
  9215 | Bailey   | Found a runed gate.
  9435 | Bailey   | Found a runed gate.
  9561 | Bailey   | Mangled by an orc warlord

Vault maps used:
D:1:      dpeg_arrival_pond, kennysheep_minor_cross
D:2:      minmay_diamond_boxcup, dk_yredelemnul_ordeal, uniq_iyjb
D:4:      corexii_shack_village, grunt_ministairs_3, eino_curves_02,
          uniq_grinder, uniq_natasha, uniq_duvessa
D:5:      first_bread
D:6:      mrwooster_statue_mirror, minmay_misc_feat_plants,
          minmay_fire_ice_demons
D:8:      enter_bailey_2, grunt_pizzeria, eino_tiny_chamber, zaba_antful_of_joy,
          uniq_psyche
Temple:   compressed_dpeg_triangle_lava_temple
Bailey:   bailey_axe_bossmonster_kennysheep, bailey

Skill      XL: |  1  2  3  4  5  6  7  8  9 |
---------------+----------------------------+-----
Conjurations   | 5 6 7 8 9 10 | 10.8
Charms         | 3 5 7 8 9 |  9.8
Fighting       | 2 3 |  3.1
Dodging        | 4 5 |  5.5
Spellcasting   | 5 6 |  6.2
Fire Magic     | 1 |  1.9
Stealth        | |  2.4

Action                   |  1- 3 |  4- 6 |  7- 9 || total
-------------------------+-------+-------+-------++-------
Melee: Unarmed           |    34 |       |       ||    34
       Short sword       |       |    26 |    14 ||    40
Throw: Tomahawk          |     4 |       |       ||     4
 Cast: Magic Dart        |    63 |    90 |   198 ||   351
       Searing Ray       |     4 |    17 |    28 ||    49
       Iskenderun's Batt |       |       |    35 ||    35
  Use: Scroll            |       |       |    11 ||    11
       Potion            |       |       |     1 ||     1
  Eat: Chunk             |     1 |     9 |    31 ||    41
       Royal jelly       |       |       |     1 ||     1
       Pizza             |       |       |     1 ||     1
Armor: Robe              |     2 |    22 |    14 ||    38
       Leather armour    |    12 |       |       ||    12
Dodge: Dodged            |    25 |    59 |    60 ||   144
